 Dungeon Crawl Stone Soup version 0.19.0-19-g8c6edcc (webtiles) character file.

77 Chiseanne the Skirmisher (level 4, 0/38 HPs)
             Began as a Demonspawn Hunter on Nov 12, 2016.
             Slain by a kobold (1 damage)
             ... on level 2 of the Dungeon.
             The game lasted 00:02:00 (1864 turns).

Chiseanne the Skirmisher (Demonspawn Hunter)        Turns: 1864, Time: 00:02:01

Health: 0/38       AC:  4    Str: 18    XL:     4   Next: 13%
Magic:  4/4        EV: 12    Int: 12    God:
Gold:   147        SH:  0    Dex: 14    Spells: 0 memorised, 3 levels left

rFire  + . .     SeeInvis .     a - +0 short sword
rCold  + . .     Gourm    .     b - +0 leather armour
rNeg   . . .     Faith    .     (no shield)
rPois  +         Spirit   .     l - +0 helmet
rElec  +         Reflect  .     (no cloak)
rCorr  +         Harm     .     (no gloves)
MR     .....                    (no boots)
Stlth  +.........               (no amulet)
                                (no ring)
                                (no ring)

@: mighty, resistant, slowed, very slow
A: claws 1, talons 1
a: no special abilities


You were on level 2 of the Dungeon.
You were not hungry.

You visited 1 branch of the dungeon, and saw 2 of its levels.

You collected 147 gold pieces.

Inventory:

Hand Weapons
 a - a +0 short sword (weapon)
 i - a cursed -3 whip
Missiles
 c - 6 javelins (quivered)
 e - 92 stones
 m - 41 arrows
 q - 4 javelins of returning
 r - 15 bolts
 s - 50 sling bullets
 t - 6 tomahawks
Armour
 b - a +0 leather armour (worn)
 l - a +0 helmet (worn)
Wands
 u - a wand of flame (21/48)
Scrolls
 g - 2 scrolls of identify {unknown}
 j - 2 scrolls of teleportation {unknown}
 k - a scroll of noise {unknown}
Potions
 p - a potion of agility {unknown}
Comestibles
 f - 2 bread rations
 w - 2 chunks of flesh


   Skills:
 + Level 4.4 Fighting
 - Level 3.6 Throwing
 - Level 1.7 Dodging
 - Level 0.8 Stealth


You had 3 spell levels left.
You didn't know any spells.

Dungeon Overview and Level Annotations

Branches:
Dungeon (2/15)

Altars:
Elyvilon


Innate Abilities, Weirdness & Mutations

You have sharp fingernails.
You have sharp toenails.


Message History

The kobold closely misses you.
Natasha stares at you and mumbles some strange words.
The magic dart hits you!
* * * LOW HITPOINT WARNING * * *
The kobold barely misses you.
It was a potion of might.
You feel very mighty all of a sudden.
Natasha mumbles some strange words.
The kobold misses you.
The crimson imp blinks!
Natasha claws you.
* * * LOW HITPOINT WARNING * * *
Okay, then.
You puncture Natasha!
You kill Natasha!
Natasha screams in fury as she dies!
The crimson imp disappears in a puff of smoke! x2
You have reached level 4!
You feel agile.
Your demonic ancestry asserts itself...
Your toenails lengthen and sharpen.
The kobold hits you.
You die...

#.###.#.#.... #.# #...# #.#
#.#...#.####.######...#
#.###.#>..............+...'
#.....#.#.#.####.######...#
#..####.#.#.# #.# #...#
#..####<#.#.# #.# #...#
#.......#.#.# #.# #...#
##......#(#K####.# #####
####...§.@...##.# #
#.....(...##'##########
#....§...............##
#....................##
##....................##
#..........##'##########
#...#########.####### #
#...# ##'#.....# # #####
#........# ##


You could see a kobold.

Vanquished Creatures
  Natasha (twice) (D:2)
  An ooze (D:1)
  A worm (D:2)
  2 giant cockroaches
  2 goblins
  2 hobgoblins
  3 bats
  A frilled lizard (D:1)
  4 kobolds
  4 rats
22 creatures vanquished.

Notes
Turn   | Place    | Note
-------+----------+-------------------------------------------
     0 | D:1      | Chiseanne the Demonspawn Hunter began the quest for the Orb.
     0 | D:1      | Reached XP level 1. HP: 16/16 MP: 1/1
   596 | D:1      | Gained mutation: You have sharp fingernails. [demonic ancestry]
   596 | D:1      | Reached XP level 2. HP: 23/23 MP: 2/2
   634 | D:1      | Reached skill level 3 in Fighting
   898 | D:2      | Found a white marble altar of Elyvilon.
  1320 | D:2      | Noticed Natasha
  1329 | D:2      | Killed Natasha
  1329 | D:2      | Reached XP level 3. HP: 11/30 MP: 3/3
  1574 | D:2      | Reached skill level 4 in Fighting
  1840 | D:2      | Noticed Natasha
  1863 | D:2      | HP: 1/30 [Natasha (6)]
  1864 | D:2      | Killed Natasha
  1864 | D:2      | Gained mutation: You have sharp toenails. [demonic ancestry]
  1864 | D:2      | Reached XP level 4. HP: 1/38 MP: 4/4
  1864 | D:2      | Slain by a kobold

Skill      XL: |  1  2  3 |
---------------+----------+-----
Fighting       | 3 4 |  4.4
Throwing       | |  3.6
Dodging        | |  1.7
Stealth        | |  0.8

Action                   |  1- 3 |  4- 6 || total
-------------------------+-------+-------++-------
Melee: Short sword       |   119 |       ||   119
Throw: Javelin           |     4 |       ||     4
       Throwing net      |     4 |       ||     4
  Use: Potion            |     4 |       ||     4
 Stab: Sleeping          |     3 |       ||     3
  Eat: Chunk             |     3 |       ||     3
Armor: Leather armour    |    30 |       ||    30
Dodge: Dodged            |    95 |       ||    95
